 Dungeon Crawl Stone Soup version 0.24.0-2-g5b39cebb1c (webtiles) character file.

Game seed: 6703856018791302308, levelgen mode: deterministic

225 BryzzWind the Cutter (level 6, -6/38 HPs)
             Began as a Kobold Berserker on Oct 30, 2019.
             Was a Believer of Trog.
             Mangled by an iguana (7 damage)
             ... on level 4 of the Dungeon.
             The game lasted 00:05:54 (3564 turns).

BryzzWind the Cutter (Kobold Berserker)             Turns: 3564, Time: 00:05:55

Health: -6/38      AC:  7    Str: 12 (14) XL:     6   Next: 21%
Magic:  6/6        EV: 15    Int:  8 (10) God:    Trog [**....]
Gold:   257        SH:  0    Dex: 12 (15) Spells: 5/5 levels left

rFire    . . .     SeeInvis .   a - +0 short sword
rCold    . . .     Gourm    .   (shield restricted)
rNeg     . . .     Faith    .   d - +0 leather armour
rPois    .         Spirit   .   z - +2 hat
rElec    .         Reflect  .   n - scarf {repulsion}
rCorr    .         Harm     .   (no gloves)
MR       .....                  (no boots)
Stlth    ++........             (no amulet)
HPRegen  0.12/turn              q - ring of flight
MPRegen  0.10/turn              (no ring)

@: berserk cooldown, slowed, repel missiles, very slow
A: small, iridescent scales 1, carnivore, MP-powered wands
a: Berserk, Trog's Hand, Renounce Religion, Evoke Flight


You were on level 4 of the Dungeon.
You worshipped Trog.
Trog was pleased with you.
You were full.

You visited 1 branch of the dungeon, and saw 4 of its levels.

You collected 257 gold pieces.

Inventory:

Hand Weapons
 a - a +0 short sword (weapon)
 f - a +0 whip
 j - a +0 club
 m - a +0 spear
Missiles
 i - 16 bolts
 k - 50 stones (quivered)
 o - 37 arrows
 w - 4 boomerangs
Armour
 b - a +0 animal skin
 d - a +0 leather armour (worn)
 n - a scarf of repulsion (worn)
 u - a +0 cloak
 z - a +2 hat (worn)
Jewellery
 l - a +2 ring of dexterity {unknown}
 q - a ring of flight (left hand)
Scrolls
 g - a scroll of remove curse
 r - 4 scrolls of teleportation {unknown}
 t - 2 scrolls of identify
 y - a scroll of amnesia {unknown}
Potions
 e - a potion of degeneration
 h - 2 potions of magic
 p - a potion of curing
 x - a potion of berserk rage {unknown}
Comestibles
 c - 8 rations


   Skills:
 + Level 4.2 Fighting
 * Level 6.0 Short Blades
 + Level 2.5 Armour
 + Level 3.8 Dodging
 + Level 1.9 Stealth


You had 5 spell levels left.
You didn't know any spells.
Your spell library was empty.

Dungeon Overview and Level Annotations

Branches:
Dungeon (4/15)
 Temple: D:4-7

Altars:
Vehumet


Innate Abilities, Weirdness & Mutations

You are small and have problems with some larger weapons.
You are carnivorous and can eat meat at any time.
You are partially covered in iridescent scales. (AC +2)
You expend magic power (3 MP) to strengthen your wands.


Message History

You hit the orc.
You kill the orc!
Trog accepts your kill. The howler monkey hits you. The orc closely misses you.
The howler monkey hoots and howls with incredible vigour!
You hear an angry hiss.
You hit the iguana but do no damage.
Your skin stops crawling.
You feel less resistant to hostile enchantments.
An orc priest comes into view. It is wielding a +0 falchion.
The orc hits you but does no damage. The iguana bites you!
The howler monkey closely misses you.
The orc priest calls down the wrath of Beogh upon you.
Beogh smites you!
* * * LOW HITPOINT WARNING * * *
You hear an angry hiss.
You completely miss the iguana. The howler monkey misses you. The orc hits you.
* * * LOW HITPOINT WARNING * * *
The iguana bites you!
You die...

##..#o........##...#
..................#
.#o....#sl#........#
.##.o.####.#........#
#... #.>h...#...#
#.## ###....#[.## #.
#†h.....#
####oo..#...
#o@hoo..#....
#l###...?.... ...
......... ..##.
.###o## #.. .. ## ..#
.. .# .! # #. ##


You could see a howler monkey, an iguana, an orc priest, 5 orcs and a jackal.

Vanquished Creatures
  A hound (D:4)
  A worker ant (D:4)
  4 gnolls (D:3)
  5 adders
  An ooze (D:2)
  2 dart slugs
  6 leopard geckos
  5 orcs
  A ball python (D:1)
  8 bats
  5 giant cockroaches
  4 hobgoblins
  6 jackals
  3 kobolds
  A quokka (D:3)
  3 frilled lizards
  5 goblins
  12 rats
73 creatures vanquished.

Notes
Turn   | Place    | Note
-------+----------+-------------------------------------------
     0 | D:1      | BryzzWind the Kobold Berserker began the quest for the Orb.
     0 | D:1      | Reached XP level 1. HP: 14/14 MP: 1/1
   395 | D:1      | Reached XP level 2. HP: 10/19 MP: 2/2
   942 | D:1      | Reached XP level 3. HP: 22/23 MP: 3/3
  1317 | D:2      | Reached ** piety under Trog
  1668 | D:2      | Found a radiant altar of Vehumet.
  1722 | D:2      | Reached skill level 5 in Short Blades
  1722 | D:2      | Reached XP level 4. HP: 22/29 MP: 4/4
  2637 | D:3      | Reached XP level 5. HP: 33/33 MP: 5/5
  2643 | D:3      | Reached skill level 1 in Stealth
  3503 | D:4      | Gained mutation: You are partially covered in iridescent
                  | scales. (AC +2) [potion of mutation]
  3503 | D:4      | Gained mutation: You expend magic power (3 MP) to
                  | strengthen your wands. [potion of mutation]
  3531 | D:4      | Reached XP level 6. HP: 23/38 MP: 6/6
  3545 | D:4      | Reached skill level 6 in Short Blades
  3564 | D:4      | HP: 1/38 [orc (2)]
  3564 | D:4      | Mangled by an iguana

Levels and vault maps discovered:
D:1:      giann_bridges, layout_loops_corners
D:2:      layout_basic, old_standard_altar, hex_large
D:3:      layout_loops_ring, corexii_item_surrounded_by_moat
D:4:      layout_rooms, minitemple, first_ration, enter_ossuary_4,
          minmay_misc_feat_encased, interstate_on_off, minmay_misc_feat_tower

Skill      XL: |  1  2  3  4  5  6 |
---------------+-------------------+-----
Armour         | 2 |  2.5
Dodging        | 3 |  3.8
Short Blades   | 5 6 |  6.0
Fighting       | 4 |  4.2
Stealth        | 1 |  1.9

Action                   |  1- 3 |  4- 6 || total
-------------------------+-------+-------++-------
Melee: Short sword       |   132 |   158 ||   290
Invok: Berserk           |       |     3 ||     3
       Trog's Hand       |       |     3 ||     3
  Use: Scroll            |     3 |       ||     3
       Potion            |       |     5 ||     5
 Stab: Sleeping          |       |     3 ||     3
  Eat: Chunk             |    10 |     8 ||    18
Armor: Leather armour    |    33 |    40 ||    73
Dodge: Dodged            |   130 |   195 ||   325
